 Dungeon Crawl Stone Soup version 0.32-a0-791-gfc315c9ecd (webtiles) character file.

Game seed: 17316419203838026127

13466 warriortoast the Geomancer (level 12, -1/57 HPs)
             Began as a Gargoyle Earth Elementalist on Mar 19, 2024.
             Was an Elder of Hepliaklqana.
             Splashed by a goliath frog's acid (6 damage)
             ... on level 2 of the Lair of Beasts on Mar 20, 2024.
             The game lasted 00:41:48 (11503 turns).

warriortoast the Geomancer (GrEE)                  Turns: 11503, Time: 00:41:49

Health: -1/57      AC: 10    Str: 12    XL:     12   Next: 6%
Magic:  24/24      EV:  9    Int: 25    God:    Hepliaklqana [****..]
Gold:   588        SH:  0    Dex: 12    Spells: 13/28 levels left

rFire   . . .        k - staff of earth
rCold   . . .        (no shield)
rNeg    + . .        b - +4 ring mail of Conscience {rPois}
rPois   ∞            (no helmet)
rElec   +            B - scarf {shadows}
rCorr   .            (no gloves)
SInv    .            f - +1 pair of boots
Will    .....        v - amulet of magic regeneration
Stlth   +            o - +6 ring of intelligence
HPRegen 0.29/turn    (no ring)
MPRegen 0.59/turn

%: no passive effects
@: about to teleport, corroded, very slightly contaminated
A: reduced essence, sickness immunity, AC +8, negative energy resistance 1,
electricity resistance, torment resistance 1, petrification resistance
a: Renounce Religion, Recall Ancestor, Ancestor Identity, Transference, Idealise


You were on level 2 of the Lair of Beasts.
You worshipped Hepliaklqana.
Hepliaklqana was greatly pleased with you.
You visited 3 branches of the dungeon, and saw 12 of its levels.
You also visited: Sewer and Bailey.

You collected 588 gold pieces.

Inventory:

Hand Weapons
 e - a +0 dagger
 h - a +0 falchion
 w - a +2 hand axe of electrocution
Armour
 a - a +0 robe
 b - the +4 ring mail of Conscience (worn) {rPois}
   (You found it on level 4 of the Dungeon)

   rPois:     It protects you from poison.
 c - a +0 kite shield
 f - a +1 pair of boots (worn)
 t - a +0 buckler
 y - a +2 scale mail of cold resistance
 B - a scarf of shadows (worn)
 D - +0 steam dragon scales
Magical Staves
 k - a staff of earth (weapon)
 E - a staff of conjuration
Jewellery
 n - a ring of ice
 o - a +6 ring of intelligence (left hand)
 v - an amulet of magic regeneration (around neck)
Talismans
 u - a talisman of death
Wands
 m - a wand of light (3)
 p - a wand of flame (33)
 s - a wand of polymorph (15)
 A - a wand of mindburst (15)
Scrolls
 g - 3 scrolls of teleportation
 j - 5 scrolls of enchant armour
 l - 2 scrolls of noise
 x - 4 scrolls of identify
 z - 3 scrolls of enchant weapon
 C - a scroll of torment
 F - a scroll of poison
 H - a scroll of brand weapon {unknown}
 I - a scroll of amnesia
 M - a scroll of vulnerability {unknown}
Potions
 d - 11 potions of curing
 i - a potion of invisibility {unknown}
 q - 3 potions of resistance
 r - 2 potions of mutation
 G - a potion of attraction {unknown}
 J - 2 potions of heal wounds {unknown}
 K - a potion of lignification {unknown}
Miscellaneous
 L - a phial of floods


   Skills:
 + Level 2.6 Fighting
 - Level 8.8 Armour
 - Level 1.5 Dodging
 - Level 2.1 Stealth
 + Level 8.9 Spellcasting
 + Level 10.3 Conjurations
 + Level 3.0 Summonings
 - Level 11.3 Earth Magic
 + Level 5.9 Invocations
 + Level 4.9 Evocations


You had 13 spell levels left.
You knew the following spells:

 Your Spells              Type           Power      Damage    Failure   Level
a - Sandblast             Erth           100%       2d20      1%          1
b - Stone Arrow           Conj/Erth      100%       3d13      1%          3
c - Passwall              Erth           79%        N/A       1%          3
d - Brom's Barrelling Bo  Conj/Erth      78%        2d9       1%          4
e - Petrify               Alch/Erth      56%        N/A       11%         4

Your spell library contained the following spells:

 Spells                   Type           Power      Damage    Failure   Level
 Sting                    Conj/Alch      100%       1d9       1%          1
 Lee's Rapid Deconstruct  Erth           39%        3d19*     2%          5
 Summon Small Mammal      Summ           100%       N/A       3%          1
 Call Imp                 Summ           52%        N/A       4%          2
 Animate Armour           Summ/Erth      100%       N/A       5%          4
 Call Canine Familiar     Summ           26%        N/A       9%          3
 Apportation              Tloc           22%        N/A       11%         1
 Necrotise                Necr           44%        1d6       11%         1
 Flame Wave               Conj/Fire      37%        2d10      13%         4
 Fugue of the Fallen      Necr           11%        N/A       32%         3
 Inner Flame              Hex/Fire       11%        N/A       32%         3
 Ozocubu's Armour         Ice            11%        N/A       32%         3
 Irradiate                Conj/Alch      18%        3d17      34%         5
 Martyr's Knell           Necr/Summ      18%        N/A       50%         4
 Summon Lightning Spire   Summ/Air       18%        N/A       50%         4
 Manifold Assault         Tloc           11%        N/A       71%         4
 Sticky Flame             Fire/Alch      11%        2d5       71%         4
 Summon Hydra             Summ           13%        N/A       100%        7
 Ignition                 Fire           5%         3d4       100%        8


Dungeon Overview and Level Annotations

Branches:
Dungeon (9/15)             Temple (1/1) D:5            Lair (2/5) D:9
  Swamp (0/4) Lair:2        Sewer (visited)          Bailey (visited)
  Snake: Lair:2-3    Spider: Lair:2-3       Orc: D:9-12

Altars:
Ashenzari
Cheibriados
Dithmenos
Elyvilon
Fedhas
Gozag
Hepliaklqana
Kikubaaqudgha
Makhleb
Nemelex Xobeh
Okawaru
Qazlal
Ru
Sif Muna
Trog
Uskayaw
Vehumet
Wu Jian
Xom
Yredelemnul
Zin
The Shining One

Shops:
D:2 (   D:7 *


Innate Abilities, Weirdness & Mutations

Your life essence is reduced to manifest your ancestor. (-10% HP)
You are immune to sickness and miasma.
Your stone body is resilient. (AC +8)
You are immune to poison.
You resist negative energy. (rN+)
You are resistant to electric shocks. (rElec)
You are resistant to unholy torment.
You are immune to petrification.


Message History

Something stings the plant.
The plant begins to die.
You start waiting.
Something stings the plant!
You start waiting.
Something stings the plant!
The plant is poisoned.
Something poisons the plant!
You start waiting.
Something stings the plant!!
You start waiting.
A nearby plant withers and dies.
Ylainalu hits the goliath frog with a +0 flail!
Casting: Sandblast (safe; 1% risk of failure)
Confirm with . or Enter, or press ? or * to list all spells.
Aiming: Petrify (dangerous; 11% risk of failure)
Press: ? - help, Shift-Dir - straight line, f/p - goliath frog
Aim: a goliath frog (moderately wounded, ally target, chance to affect: 39%)
You feel a surge of power!
You miscast Petrify.
You are very lightly contaminated with residual magic.
Nothing appears to happen.
The goliath frog hits you from afar! The acid corrodes you!
You are splashed with acid!
Ylainalu completely misses the goliath frog.
You feel a surge of power! Ylainalu avoids your attack.
The blast of sand misses the goliath frog.
The blast of sand misses the cane toad.
The goliath frog hits you from afar. The acid corrodes you!
You are splashed with acid!
The goliath frog completely misses you.
Ylainalu hits the goliath frog with a +0 flail!
You are too injured to fight recklessly!
You are too injured to fight recklessly!
You are too injured to fight recklessly!
Okay, then.
Okay, then.
Ylainalu blocks the goliath frog's attack.
The goliath frog hits Ylainalu.
Ylainalu is splashed with acid.
The acid corrodes Ylainalu!
Ylainalu hits the goliath frog with a +0 flail!
Ylainalu barely misses the goliath frog.
As you read the scroll of teleportation, it crumbles to dust.
You feel strangely unstable. The goliath frog hits you from afar!!
* * * LOW HITPOINT WARNING * * *
The acid corrodes you!
You are splashed with acid.
You die...
Hepliaklqana delivers you to your ancestors.

##.....♣♣ ##...# #
#P[.....# .##...#
# #.......#
..###..#
###.....##..# #..#
#R.........##..###
#.F....#.. #.....#
#F....#...###.....
#.....##..# #.....
#@.#...#..##...###
##......#..###..#
#...P......##...##
#...........##...#
#...P...........#
##..............#
##..#...........#
#P..#...........#
##..............##


You could see the friendly Ylainalu the knight (corroded), a goliath frog (ally
target) and a cane toad.

Vanquished Creatures
  A hydra (Lair:2)
  A boulder beetle (Lair:1)
  A two-headed ogre (D:8)
  2 black mambas
  4 cane toads
  A komodo dragon (Lair:2)
  Grinder (D:3)
  Prince Ribbit (D:9)
  A vampire (D:9)
  19 yaks
  A basilisk (Lair:1)
  3 steam dragons
  Eustachio (D:4)
  4 water moccasins
  Pargi (Sewer)
  An ice beast (D:6)
  2 orc warriors
  2 sky beasts
  3 centaurs
  2 phantoms
  3 kobold brigands
  3 gnoll sergeants
  8 bullfrogs
  2 scorpions (D:6)
  A brain worm (Sewer)
  7 wights (D:9)
  An oklob sapling (D:5)
  2 quasits (D:4)
  4 hounds
  2 orc priests
  2 sleepcaps
  6 iguanas
  Ijyb (D:4)
  5 orc wizards
  Natasha (twice) (D:3)
  12 gnolls
  9 adders
  6 ufetubi
  2 dart slugs
  A ribbon worm (D:3)
  19 orcs
  6 endoplasms
  3 giant cockroaches
  9 hobgoblins
  4 jackals
  6 quokkas
  8 ball pythons
  5 bats
  2 frilled lizards
  10 goblins
  17 kobolds
  6 rats
226 creatures vanquished.

Vanquished Creatures (collateral kills)
  A cane toad (Lair:1)
  5 yaks
  A water moccasin (Lair:1)
  An ice beast (D:7)
  A centaur (D:9)
  A bullfrog (Lair:1)
  A wight (D:9)
  A gnoll (D:8)
  An orc (Bailey)
  6 kobolds
19 creatures vanquished.

Vanquished Creatures (others)
  A knight (Lair:2)
  2 ancestors
3 creatures vanquished.

Grand Total: 248 creatures vanquished

Notes
Turn   | Place    | Note
-------+----------+-------------------------------------------
     0 | D:1      | warriortoast the Gargoyle Earth Elementalist began the
                  | quest for the Orb.
     0 | D:1      | Reached XP level 1. HP: 10/10 MP: 3/3
   171 | D:1      | Reached XP level 2. HP: 15/15 MP: 3/5
   610 | D:1      | Reached skill level 4 in Earth Magic
  1061 | D:2      | Reached XP level 3. HP: 19/19 MP: 4/6
  1289 | D:2      | Found Ewealafu's Weapon Shoppe.
  1896 | D:3      | Noticed Grinder
  1925 | D:3      | Paralysed by Grinder for 2 turns
  1930 | D:3      | Killed Grinder
  1931 | D:3      | Reached skill level 5 in Earth Magic
  1931 | D:3      | Reached XP level 4. HP: 11/24 MP: 6/9
  1931 | D:3      | Reached XP level 5. HP: 13/28 MP: 6/10
  1931 | D:3      | Reached XP level 6. HP: 15/32 MP: 6/11
  2723 | D:3      | Found a faded altar of an unknown god.
  2729 | D:3      | Noticed Natasha
  2732 | D:3      | Killed Natasha
  3065 | D:3      | Noticed Natasha
  3069 | D:3      | Killed Natasha
  3420 | D:4      | Identified the +4 ring mail of Conscience {rPois}
  3436 | D:4      | Learned a level 3 spell: Stone Arrow
  3541 | D:4      | Noticed Eustachio
  3547 | D:4      | Killed Eustachio
  3547 | D:4      | Noticed Ijyb
  3548 | D:4      | Reached skill level 1 in Armour
  3548 | D:4      | Reached skill level 6 in Earth Magic
  3548 | D:4      | Reached XP level 7. HP: 36/36 MP: 10/13
  3551 | D:4      | Killed Ijyb
  3780 | D:4      | Reached skill level 9 in Earth Magic
  3780 | D:4      | Reached XP level 8. HP: 41/41 MP: 13/18
  4159 | D:4      | Learned a level 3 spell: Passwall
  4164 | D:4      | Learned a level 4 spell: Brom's Barrelling Boulder
  4169 | D:4      | Learned a level 4 spell: Petrify
  4252 | D:5      | Entered Level 5 of the Dungeon
  4252 | D:5      | Found a staircase to the Ecumenical Temple.
  4351 | D:5      | Found a glowing drain.
  4367 | Sewer    | Entered a sewer
  4407 | Sewer    | Noticed Pargi
  4409 | Sewer    | Killed Pargi
  4978 | D:5      | Reached XP level 9. HP: 45/45 MP: 15/19
  5005 | Temple   | Entered the Ecumenical Temple
  5101 | Temple   | Became a worshipper of Hepliaklqana the Forgotten
  5787 | D:6      | Reached skill level 1 in Invocations
  5800 | D:6      | Reached * piety under Hepliaklqana
  5915 | D:6      | Reached skill level 1 in Evocations
  6372 | D:7      | Reached skill level 10 in Earth Magic
  6402 | D:7      | Found an opulent altar of Gozag.
  6405 | D:7      | Found Gozag's Platinum Reserve.
  6503 | D:7      | Found a flagged portal.
  6515 | D:7      | Identified the +1 spear "Qyrro" {vamp, rF+ Str+5 Dex-5}
  6520 | Bailey   | Entered a bailey
  6785 | D:7      | Identified the +0 leather armour "Ogus" {Int+6}
  6896 | D:7      | Reached ** piety under Hepliaklqana
  6906 | D:7      | Remembered your ancestor Ylainalu as a knight
  7035 | D:7      | Reached XP level 10. HP: 45/45 MP: 21/21
  7677 | D:8      | Found a radiant altar of Vehumet.
  7824 | D:8      | Noticed a two-headed ogre
  7831 | D:8      | Killed a two-headed ogre
  8266 | D:9      | Reached *** piety under Hepliaklqana
  8526 | D:9      | Reached XP level 11. HP: 48/48 MP: 23/23
  8680 | D:9      | Found a staircase to the Lair.
  8708 | D:9      | Got the Tome of Aggregated Soot
  8877 | D:9      | Noticed Prince Ribbit
  8885 | D:9      | Killed Prince Ribbit
  9342 | Lair:1   | Entered Level 1 of the Lair of Beasts
  9470 | Lair:1   | Reached skill level 11 in Earth Magic
  9778 | Lair:1   | Reached skill level 1 in Summonings
  9988 | Lair:1   | Noticed a boulder beetle
 10046 | Lair:1   | Reached skill level 5 in Invocations
 10493 | Lair:1   | Upgraded the game from 0.32-a0-779-g362cfcae2a to
                  | 0.32-a0-791-gfc315c9ecd
 10498 | Lair:1   | Killed a boulder beetle
 10499 | Lair:1   | Reached skill level 1 in Fighting
 10638 | Lair:2   | Reached skill level 10 in Conjurations
 11135 | Lair:2   | Noticed a six-headed hydra
 11143 | Lair:2   | Killed a six-headed hydra
 11144 | Lair:2   | Reached XP level 12. HP: 56/56 MP: 15/24
 11298 | Lair:2   | Reached **** piety under Hepliaklqana
 11474 | Lair:2   | Found a staircase to the Swamp.
 11503 | Lair:2   | Splashed by a goliath frog's acid

Illustrated notes

Levels and vault maps discovered:
D:1:      dpeg_arrival_subterranean_lakeside_camping, layout_rooms,
          serial_corexii_hall, corexii_hall_statues_l, corexii_hall_statues_s,
          corexii_hall_statues_l, corexii_hall_statues_t,
          corexii_hall_statues_x, corexii_hall_statues_i
D:2:      layout_loops_cross, serial_shops, nicolae_shop_bloodbath_and_beyond,
          minmay_goblin_kobold_house
D:3:      layout_loops_corners, hellmonk_ecumenical_altar_run_dry, uniq_grinder,
          uniq_natasha
D:4:      cheibrodos_quashed, layout_cave_pools, uniq_ijyb, uniq_eustachio
D:5:      layout_basic, minmay_temple_entry_oklob, serial_curves,
          eino_curves_03, eino_curves_04, portal_sewer_entry_f
D:6:      layout_gridville, kennysheep_small_spiral, minmay_diced_spiral
D:7:      cheibrodos_steamvent, layout_loops_corners,
          nicolae_gozag_zags_fifth_avenue, enter_bailey_2
D:8:      layout_loops_cross, nicolae_vehumet_radiance
D:9:      layout_basic, lair_entry_dummy, grunt_decor_arrowhead,
          uniq_prince_ribbit1
Temple:   nicolae_temple_slightly_damp_pantheon
Lair:1:   layout_roguey
Lair:2:   layout_long_grid, mainiacjoe_swamp_entry_lozenge_pond

Skill      XL: |  1  2  3  4  5  6  7  8  9 10 11 12 |
---------------+-------------------------------------+-----
Earth Magic    | 4 5 6 9 10 11 | 11.3
Conjurations   | 2 3 4 7 8 9 10 | 10.3
Spellcasting   | 3 4 6 7 8 |  8.9
Armour         | 1 8 |  8.8
Invocations    | 2 4 5 |  5.9
Evocations     | 2 3 4 |  4.9
Summonings     | 2 3 |  3.0
Fighting       | 2 |  2.6
Dodging        | |  1.5
Stealth        | |  2.1

Action                     |  1- 3 |  4- 6 |  7- 9 | 10-12 || total
---------------------------+-------+-------+-------+-------++-------
  Melee: Dagger            |     7 |       |       |       ||     7
         Unarmed           |     4 |       |       |       ||     4
         Falchion          |     7 |       |       |       ||     7
         Staff             |       |       |     2 |     6 ||     8
   Cast: Sandblast         |    56 |    27 |   156 |   172 ||   411
         Passwall          |       |       |     3 |       ||     3
         Brom's Barrelling |       |       |       |     3 ||     3
         Stone Arrow       |       |       |       |    18 ||    18
         Petrify           |       |       |       |     3 ||     3
 Invoke: Ancestor Life: Kn |       |       |     1 |       ||     1
         Recall Ancestor   |       |       |       |     1 ||     1
         Transference      |       |       |       |     1 ||     1
  Evoke: Wand              |       |       |       |     1 ||     1
    Use: Potion            |     1 |       |     2 |     1 ||     4
         Scroll            |       |     7 |     5 |     3 ||    15
 Armour: Robe              |    28 |       |       |       ||    28
         Ring mail         |       |     2 |    78 |   109 ||   189
  Dodge: Dodged            |    23 |     6 |    55 |    57 ||   141

Table legend: (Time is in decaauts)
 A = Elapsed time spent in this place.
 B = Non-inter-level travel time spent in this place.
 C = Inter-level travel time spent in this place.
 D = Time resting spent in this place.
 E = Time spent auto-exploring this place.
 F = Levels seen in this place.
 G = Mean time per level.
                   A        B        C        D        E       F      G
               +--------+--------+--------+--------+--------+-----+--------+
         Total |  11731 |  10773 |    958 |    875 |   8054 |  14 |  837.9 |
       Dungeon |   9073 |   8145 |    928 |    285 |   6458 |   9 | 1008.1 |
        Temple |    115 |     97 |     18 |      0 |     68 |   1 |  115.0 |
          Lair |   2200 |   2188 |     12 |    590 |   1311 |   2 | 1100.0 |
         Sewer |    263 |    263 |      0 |      0 |    216 |   1 |  263.0 |
        Bailey |     78 |     78 |      0 |      0 |      0 |   1 |   78.0 |
               +--------+--------+--------+--------+--------+-----+--------+

Top non-repeatable levels by time:
     D:3: 1581 daAuts
  Lair:1: 1304 daAuts
     D:9: 1168 daAuts
     D:7: 1120 daAuts
     D:1: 973 daAuts
     D:5: 900 daAuts
     D:2: 898 daAuts
  Lair:2: 895 daAuts
     D:4: 855 daAuts
     D:8: 797 daAuts
     D:6: 778 daAuts
   Sewer: 263 daAuts
  Temple: 115 daAuts
  Bailey: 78 daAuts
